| TOP OF THE 1ST |
|
Texas (APP) Rangers batting - Pitching for Greeneville Astros : LHP Guadalupe Gonzalez
|
|
Pitching: LHP Guadalupe Gonzalez
|
|
|
Batting: SHB Tim Rogers
|
0-0: Called Strike 0-1: Hit by Pitch
|
|
Batting: LHB Jose Cepero
|
0-0: Bunt missed! 0-1: Bunt missed! 0-2: Bunted foul, Strikeout!
|
|
Batting: RHB Luis Reyna
|
0-0: Called Strike Tim Rogers is caught stealing 2nd base 2-4 0-1: Ball 1-1: SOLO HOME RUN (Flyball, 78XD, EV 102.5 MPH), Distance : 407 ft
|
|
Batting: RHB Jerry Foster
|
0-0: Ball 1-0: Ball 2-0: Foul Ball, location: 2F 2-1: Fly out, F5 (Line Drive, 56, EV 71.9 MPH)
|
| Top of the 1st over - 1 run, 1 hit, 0 errors, 0 left on base; Texas (APP) 1 - Greeneville 0 |
| BOTTOM OF THE 1ST |
|
Greeneville Astros batting - Pitching for Texas (APP) Rangers : LHP Jose Cepero
|
|
Pitching: LHP Jose Cepero
|
|
|
Batting: RHB Jason Monico
|
0-0: Ball 1-0: Foul Ball, location: 2F 1-1: Swinging Strike 1-2: Ball 2-2: Ground out 6-3 (Groundball, 6, EV 100.0 MPH)
|
|
Batting: RHB John Moore
|
0-0: Called Strike 0-1: Foul Ball, location: 2F 0-2: Foul Ball, location: 2F 0-2: Strikes out swinging
|
|
Batting: RHB Areda Obote
|
0-0: Called Strike 0-1: Ball 1-1: Fly out, F8 (Flyball, 8LM, EV 69.4 MPH)
|
| Bottom of the 1st over - 0 runs, 0 hits, 0 errors, 0 left on base; Texas (APP) 1 - Greeneville 0 |
| TOP OF THE 2ND |
|
Texas (APP) Rangers batting - Pitching for Greeneville Astros : LHP Guadalupe Gonzalez
|
|
Batting: RHB Nick Solberg
|
0-0: Ground out 5-3 (Groundball, 56S, EV 85.6 MPH)
|
|
Batting: RHB Elias Sagrero
|
0-0: Ball 1-0: Foul Ball, location: 2F 1-1: Swinging Strike 1-2: Strikes out looking
|
|
Batting: LHB Santino Pisanello
|
0-0: Ground out 6-3 (Groundball, 6, EV 84.4 MPH)
|
| Top of the 2nd over - 0 runs, 0 hits, 0 errors, 0 left on base; Texas (APP) 1 - Greeneville 0 |
| BOTTOM OF THE 2ND |
|
Greeneville Astros batting - Pitching for Texas (APP) Rangers : LHP Jose Cepero
|
|
Batting: RHB Keith Goodwin
|
0-0: Called Strike 0-1: Called Strike 0-2: Ball 1-2: Foul Ball, location: 2F 1-2: Ball 2-2: Fly out, F8 (Line Drive, 8LM, EV 100.0 MPH)
|
|
Batting: RHB Roger Pelley
|
0-0: Fly out, F9 (Flyball, 89D, EV 94.4 MPH)
|
|
Batting: RHB Jarno van Lente
|
0-0: Called Strike 0-1: Swinging Strike 0-2: Strikes out swinging
|
| Bottom of the 2nd over - 0 runs, 0 hits, 0 errors, 0 left on base; Texas (APP) 1 - Greeneville 0 |
| TOP OF THE 3RD |
|
Texas (APP) Rangers batting - Pitching for Greeneville Astros : LHP Guadalupe Gonzalez
|
|
Batting: SHB Albert Ortiz
|
0-0: Swinging Strike 0-1: Swinging Strike 0-2: Ball 1-2: Ball 2-2: Strikes out looking
|
|
Batting: LHB Eddie Reyes
|
0-0: Ball 1-0: Ball 2-0: Ball 3-0: Base on Balls
|
|
Batting: SHB Tim Rogers
|
0-0: Ball 1-0: Ball 2-0: Ball 3-0: Base on Balls Eddie Reyes to second
|
|
Batting: LHB Jose Cepero
|
0-0: Sac Bunt to 3S - play at first, batter OUT! 3-1 Eddie Reyes to third Tim Rogers to second
|
|
Batting: RHB Luis Reyna
|
0-0: SINGLE (Groundball, 6S, EV 73.1 MPH) (infield hit) Eddie Reyes scores Tim Rogers to third
|
|
Batting: RHB Jerry Foster
|
0-0: Called Strike Luis Reyna steals 2nd base 0-1: Ball 1-1: Ball Passed Ball! Tim Rogers scores Luis Reyna to third 2-1: Called Strike 2-2: Ball 3-2: DOUBLE (Line Drive, 78XD, EV 111.9 MPH) Luis Reyna scores
|
|
Batting: RHB Nick Solberg
|
0-0: Ball 1-0: Fly out, F4 (Popup, 4, EV 63.8 MPH)
|
| Top of the 3rd over - 3 runs, 2 hits, 0 errors, 1 left on base; Texas (APP) 4 - Greeneville 0 |
| BOTTOM OF THE 3RD |
|
Greeneville Astros batting - Pitching for Texas (APP) Rangers : LHP Jose Cepero
|
|
Batting: RHB Domingas Saragoa
|
0-0: Called Strike 0-1: Ball 1-1: Foul Ball, location: 2F 1-2: Foul Ball, location: 2F 1-2: Ground out 5-3 (Groundball, 56, EV 80.0 MPH)
|
|
Batting: LHB Guadalupe Gonzalez
|
0-0: Fly out, F7 (Flyball, 78M, EV 78.1 MPH)
|
|
Batting: LHB Gong Tow
|
0-0: Called Strike 0-1: Foul Ball, location: 2F 0-2: Ball 1-2: Ball 2-2: Strikes out swinging
|
| Bottom of the 3rd over - 0 runs, 0 hits, 0 errors, 0 left on base; Texas (APP) 4 - Greeneville 0 |
| TOP OF THE 4TH |
|
Texas (APP) Rangers batting - Pitching for Greeneville Astros : LHP Guadalupe Gonzalez
|
|
Batting: RHB Elias Sagrero
|
0-0: Ball 1-0: Ball 2-0: Foul Ball, location: 2F 2-1: Ball 3-1: Ground out 6-3 (Groundball, 6, EV 89.4 MPH)
|
|
Batting: LHB Santino Pisanello
|
0-0: Ball 1-0: Ball 2-0: DOUBLE (Flyball, 89D, EV 95.0 MPH)
|
|
Batting: SHB Albert Ortiz
|
0-0: Called Strike 0-1: Called Strike 0-2: Ball 1-2: Strikes out looking
|
|
Batting: LHB Eddie Reyes
|
0-0: Called Strike 0-1: Ball 1-1: Foul Ball, location: 2F 1-2: Ball 2-2: Ball 3-2: 2-RUN HOME RUN (Flyball, 89XD, EV 98.8 MPH), Distance : 393 ft
|
|
Pitching: RHP Steve Kelly
|
|
|
Batting: SHB Tim Rogers
|
0-0: Called Strike 0-1: Ball 1-1: Ball 2-1: Ball 3-1: Base on Balls
|
|
Batting: LHB Jose Cepero
|
0-0: Foul Ball, location: 2F 0-1: Ball 1-1: Swinging Strike 1-2: Foul Ball, location: 2F 1-2: Ball 2-2: Foul Ball, location: 2F 2-2: Strikes out swinging
|
| Top of the 4th over - 2 runs, 2 hits, 0 errors, 1 left on base; Texas (APP) 6 - Greeneville 0 |
| BOTTOM OF THE 4TH |
|
Greeneville Astros batting - Pitching for Texas (APP) Rangers : LHP Jose Cepero
|
|
Batting: RHB Jason Monico
|
0-0: Called Strike 0-1: Ball 1-1: Ground out 6-3 (Groundball, 6, EV 85.0 MPH)
|
|
Batting: RHB John Moore
|
0-0: Ground out U3 (Groundball, 3S, EV 91.9 MPH)
|
|
Batting: RHB Areda Obote
|
0-0: Ball 1-0: Foul Ball, location: 2F 1-1: Ball 2-1: Ball 3-1: Foul Ball, location: 2F 3-2: Foul Ball, location: 2F 3-2: Base on Balls
|
|
Batting: RHB Keith Goodwin
|
0-0: Called Strike 0-1: Ball 1-1: Called Strike 1-2: Ground out 1-3 (Groundball, 15S, EV 75.0 MPH)
|
| Bottom of the 4th over - 0 runs, 0 hits, 0 errors, 1 left on base; Texas (APP) 6 - Greeneville 0 |
| TOP OF THE 5TH |
|
Texas (APP) Rangers batting - Pitching for Greeneville Astros : RHP Steve Kelly
|
|
Batting: RHB Luis Reyna
|
0-0: Ground out 4-3 (Groundball, 4S, EV 65.6 MPH)
|
|
Batting: RHB Jerry Foster
|
0-0: Ball 1-0: Ball 2-0: Foul Ball, location: 2F 2-1: Swinging Strike 2-2: Foul Ball, location: 2F 2-2: Strikes out swinging
|
|
Batting: RHB Nick Solberg
|
0-0: Ball 1-0: Called Strike 1-1: Ball 2-1: Ground out 6-3 (Groundball, 6, EV 105.6 MPH)
|
| Top of the 5th over - 0 runs, 0 hits, 0 errors, 0 left on base; Texas (APP) 6 - Greeneville 0 |
| BOTTOM OF THE 5TH |
|
Greeneville Astros batting - Pitching for Texas (APP) Rangers : LHP Jose Cepero
|
|
Batting: RHB Roger Pelley
|
0-0: Ball 1-0: Ball 2-0: Swinging Strike 2-1: Ball 3-1: Base on Balls
|
|
Batting: RHB Jarno van Lente
|
0-0: Ball 1-0: Called Strike 1-1: Foul Ball, location: 2F 1-2: Ball 2-2: Ball 3-2: Foul Ball, location: 2F 3-2: Base on Balls Roger Pelley to second
|
|
Batting: RHB Domingas Saragoa
|
0-0: Ball 1-0: Ball 2-0: Called Strike 2-1: Foul Ball, location: 2F 2-2: Ball 3-2: Strikes out swinging
|
|
Batting: LHB Guadalupe Gonzalez
|
0-0: Ball 1-0: SINGLE (Line Drive, 9S, EV 109.4 MPH) Roger Pelley to third Jarno van Lente to second
|
|
Batting: LHB Gong Tow
|
0-0: Ball 1-0: Foul Ball, location: 2F 1-1: Called Strike 1-2: Fly out, F7 (Flyball, 7LSF, EV 94.4 MPH)
|
|
Batting: RHB Jason Monico
|
0-0: Foul Ball, location: 2F 0-1: Ball 1-1: Fly out, F7 (Flyball, 7LSF, EV 90.0 MPH)
|
| Bottom of the 5th over - 0 runs, 1 hit, 0 errors, 3 left on base; Texas (APP) 6 - Greeneville 0 |
| TOP OF THE 6TH |
|
Texas (APP) Rangers batting - Pitching for Greeneville Astros : RHP Steve Kelly
|
|
Pitching: RHP Kuaika Anakala
|
|
|
Batting: RHB Elias Sagrero
|
0-0: Called Strike 0-1: Ground out 6-3 (Groundball, 6, EV 85.0 MPH)
|
|
Batting: LHB Santino Pisanello
|
0-0: Ball 1-0: Ball 2-0: Ball 3-0: Called Strike 3-1: Foul Ball, location: 2F 3-2: Ground out 3-1 (Groundball, 34S, EV 85.6 MPH)
|
|
Batting: SHB Albert Ortiz
|
0-0: Ball 1-0: Foul Ball, location: 2F 1-1: Called Strike 1-2: Ground out 4-3 (Groundball, 4, EV 90.6 MPH)
|
| Top of the 6th over - 0 runs, 0 hits, 0 errors, 0 left on base; Texas (APP) 6 - Greeneville 0 |
| BOTTOM OF THE 6TH |
|
Greeneville Astros batting - Pitching for Texas (APP) Rangers : LHP Jose Cepero
|
|
Batting: RHB John Moore
|
0-0: Fly out, F8 (Line Drive, 8LM, EV 91.9 MPH)
|
|
Batting: RHB Areda Obote
|
0-0: Ball 1-0: SINGLE (Line Drive, 7S, EV 91.2 MPH)
|
|
Batting: RHB Keith Goodwin
|
0-0: Ball 1-0: Called Strike 1-1: Foul Ball, location: 2F 1-2: Strikes out looking
|
|
Batting: RHB Roger Pelley
|
0-0: Ball 1-0: Ball 2-0: SINGLE (Line Drive, 4M, EV 95.0 MPH) Areda Obote to second
|
|
Batting: RHB Jarno van Lente
|
0-0: Called Strike 0-1: Called Strike 0-2: Foul Ball, location: 2F 0-2: Ball 1-2: Ball 2-2: Strikes out swinging
|
| Bottom of the 6th over - 0 runs, 2 hits, 0 errors, 2 left on base; Texas (APP) 6 - Greeneville 0 |
| TOP OF THE 7TH |
|
Texas (APP) Rangers batting - Pitching for Greeneville Astros : RHP Kuaika Anakala
|
|
Batting: LHB Eddie Reyes
|
0-0: Ball 1-0: Ball 2-0: Foul Ball, location: 2F 2-1: Fly out, F9 (Flyball, 89M, EV 83.8 MPH)
|
|
Batting: SHB Tim Rogers
|
0-0: DOUBLE (Line Drive, 89D, EV 104.4 MPH)
|
|
Pinch Hitting: LHB Bobby Scott
|
0-0: Called Strike 0-1: Ball 1-1: Called Strike 1-2: Ball 2-2: Fly out, F8 (Flyball, 8LD, EV 93.8 MPH)
|
|
Batting: RHB Luis Reyna
|
0-0: Ground out 5-3 (Groundball, 5, EV 109.4 MPH)
|
| Top of the 7th over - 0 runs, 1 hit, 0 errors, 1 left on base; Texas (APP) 6 - Greeneville 0 |
| BOTTOM OF THE 7TH |
|
Greeneville Astros batting - Pitching for Texas (APP) Rangers : LHP Jose Cepero
|
|
Pitching: RHP Reinaart Meyer
|
|
|
Batting: RHB Domingas Saragoa
|
0-0: Called Strike 0-1: Foul Ball, location: 2F 0-2: Ball 1-2: Ball 2-2: Ball 3-2: Ground out 4-3 (Groundball, 4, EV 84.4 MPH)
|
|
Batting: LHB Guadalupe Gonzalez
|
0-0: Ball 1-0: Ball 2-0: Ball 3-0: Base on Balls
|
|
Batting: LHB Gong Tow
|
0-0: Called Strike 0-1: Foul Ball, location: 2F 0-2: Strikes out swinging
|
|
Batting: RHB Jason Monico
|
0-0: Called Strike Guadalupe Gonzalez steals 2nd base 0-1: Reached on error, E6 (Groundball, 6, EV 94.4 MPH) Guadalupe Gonzalez to third
|
|
Batting: RHB John Moore
|
0-0: Called Strike 0-1: Ball 1-1: Ball 2-1: Swinging Strike 2-2: Ball 3-2: Strikes out swinging
|
| Bottom of the 7th over - 0 runs, 0 hits, 1 error, 2 left on base; Texas (APP) 6 - Greeneville 0 |
| TOP OF THE 8TH |
|
Texas (APP) Rangers batting - Pitching for Greeneville Astros : RHP Kuaika Anakala
|
|
Pitching: LHP Joey Callanta
|
|
|
Batting: RHB Jerry Foster
|
0-0: Ball 1-0: Ball 2-0: Foul Ball, location: 2F 2-1: Ball 3-1: Base on Balls
|
|
Batting: RHB Nick Solberg
|
0-0: Called Strike 0-1: Ball 1-1: SINGLE (Groundball, 5D, EV 107.5 MPH) Jerry Foster to second
|
|
Batting: RHB Elias Sagrero
|
0-0: Ball 1-0: Swinging Strike 1-1: Reached via error on a dropped throw from 3B, E4 (Groundball, 56S, EV 86.2 MPH) Jerry Foster to third Nick Solberg to second
|
|
Batting: LHB Santino Pisanello
|
0-0: Called Strike 0-1: Ball 1-1: Ball 2-1: Ball 3-1: DOUBLE (Line Drive, 9LS, EV 96.2 MPH) Jerry Foster scores Nick Solberg scores Elias Sagrero to third Runner from 3rd tries for Home, SAFE, no throw by RF
|
|
Batting: SHB Albert Ortiz
|
0-0: Called Strike 0-1: Ball 1-1: Ball 2-1: Foul Ball, location: 2F 2-2: Ball 3-2: Foul Ball, location: 2F 3-2: Base on Balls
|
|
Batting: LHB Eddie Reyes
|
0-0: Fielders Choice at 2nd, 1-4 (Groundball, 15S, EV 76.2 MPH) Santino Pisanello to third
|
|
Batting: SHB Tim Rogers
|
0-0: SINGLE (Line Drive, 7S, EV 101.9 MPH) Santino Pisanello scores Eddie Reyes to second
|
|
Pinch Hitting: RHB Torsten Fisher
|
0-0: Called Strike 0-1: Foul Ball, location: 2F 0-2: Strikes out swinging
|
|
Batting: RHB Luis Reyna
|
0-0: Ball 1-0: Ball 2-0: Called Strike 2-1: Reached on error, E6 (Groundball, 6, EV 84.4 MPH) Eddie Reyes to third Tim Rogers to second
|
|
Batting: RHB Jerry Foster
|
0-0: Foul Ball, location: 2F 0-1: SINGLE (Line Drive, 8LS, EV 93.8 MPH) Eddie Reyes scores Tim Rogers to third Luis Reyna to second Runner from 3rd tries for Home, SAFE, throw by CF to home
|
|
Pitching: LHP Kimmo-Mikka Koistinen
|
|
|
Batting: RHB Nick Solberg
|
0-0: Called Strike 0-1: Foul Ball, location: 2F 0-2: DOUBLE (Line Drive, 9LS, EV 97.5 MPH) Luis Reyna scores Jerry Foster to third
|
|
Batting: RHB Elias Sagrero
|
0-0: Called Strike 0-1: Called Strike 0-2: Strikes out swinging
|
| Top of the 8th over - 7 runs, 5 hits, 2 errors, 2 left on base; Texas (APP) 13 - Greeneville 0 |
| BOTTOM OF THE 8TH |
|
Greeneville Astros batting - Pitching for Texas (APP) Rangers : RHP Reinaart Meyer
|
|
Pitching: RHP Brent Demby
|
|
|
Now at 1B: Torsten Fisher
|
|
|
Batting: RHB Areda Obote
|
0-0: Swinging Strike 0-1: Foul Ball, location: 2F 0-2: Foul Ball, location: 2F 0-2: Strikes out swinging
|
|
Batting: RHB Keith Goodwin
|
0-0: Ball 1-0: Ball 2-0: Ball 3-0: Base on Balls
|
|
Batting: RHB Roger Pelley
|
0-0: Swinging Strike 0-1: Called Strike 0-2: Ball 1-2: Strikes out swinging
|
|
Batting: RHB Jarno van Lente
|
0-0: Ball 1-0: Ball 2-0: Ball 3-0: Base on Balls Keith Goodwin to second
|
|
Batting: RHB Domingas Saragoa
|
0-0: Ball 1-0: Foul Ball, location: 2F 1-1: Ball 2-1: Ball 3-1: Base on Balls Keith Goodwin to third Jarno van Lente to second
|
|
Batting: LHB Guadalupe Gonzalez
|
0-0: Swinging Strike 0-1: Ball 1-1: Swinging Strike 1-2: Strikes out looking
|
| Bottom of the 8th over - 0 runs, 0 hits, 0 errors, 3 left on base; Texas (APP) 13 - Greeneville 0 |
| TOP OF THE 9TH |
|
Texas (APP) Rangers batting - Pitching for Greeneville Astros : LHP Kimmo-Mikka Koistinen
|
|
Pinch Hitting: RHB Ron Squires
|
0-0: Called Strike 0-1: Hit by Pitch
|
|
Batting: SHB Albert Ortiz
|
0-0: Called Strike 0-1: Fielders Choice at 2nd, 5-4 (Groundball, 56, EV 96.9 MPH)
|
|
Now at 2B: Hugo Priego
|
|
|
Batting: LHB Eddie Reyes
|
0-0: Called Strike 0-1: Grounds into double play, 4-6-3 (Groundball, 4, EV 93.1 MPH)
|
| Top of the 9th over - 0 runs, 0 hits, 0 errors, 0 left on base; Texas (APP) 13 - Greeneville 0 |
| BOTTOM OF THE 9TH |
|
Greeneville Astros batting - Pitching for Texas (APP) Rangers : RHP Brent Demby
|
|
Pitching: LHP Alex Boites
|
|
|
Pinch Hitting: RHB Devon Healy
|
0-0: Called Strike 0-1: Swinging Strike 0-2: Ball 1-2: Strikes out looking
|
|
Batting: RHB Jason Monico
|
0-0: Swinging Strike 0-1: Ball 1-1: Swinging Strike 1-2: Strikes out swinging
|
|
Batting: RHB John Moore
|
0-0: Ball 1-0: Ball 2-0: Ball 3-0: Called Strike 3-1: Foul Ball, location: 2F 3-2: Strikes out looking
|
| Bottom of the 9th over - 0 runs, 0 hits, 0 errors, 0 left on base; Texas (APP) 13 - Greeneville 0 |
|